 Dungeon Crawl Stone Soup version 0.26.1-11-gd32895ea62 (webtiles) character file.

Game seed: 14004358382910446120

4697 Almogavar the Destroyer (level 10, -2/74 HPs)
             Began as a Pale Draconian Conjurer on May 8, 2021.
             Was a Follower of Nemelex Xobeh.
             Slain by Grum
             ... wielding a -2 spear of venom
              (16 damage)
             ... on level 8 of the Dungeon.
             The game lasted 00:40:06 (11032 turns).

Almogavar the Destroyer (Pale Draconian Conjurer)  Turns: 11032, Time: 00:40:07

Health: -2/74      AC:  7    Str: 11    XL:     10   Next: 21%
Magic:  9/22       EV: 13    Int: 26    God:    Nemelex Xobeh [*.....]
Gold:   588        SH:  0    Dex: 10    Spells: 20/26 levels left

rFire    . . .     SeeInvis +   s - +1 long sword (freeze)
rCold    . . .     Faith    .   (no shield)
rNeg     . . .     Spirit   .   (armour unavailable)
rPois    .         Reflect  .   (helmet restricted)
rElec    .         Harm     .   (no cloak)
rCorr    .         Rampage  .   (no gloves)
Will     .....                  (no boots)
Stlth    ++........             j - amulet of magic regeneration
HPRegen  0.22/turn              d - ring of see invisible
MPRegen  0.43/turn              r - +6 ring of intelligence

@: no status effects
A: breathe steam, unfitting armour, cold-blooded, AC +7
a: Breathe Steam, Renounce Religion, Draw Escape, Draw Destruction, Draw
Summoning


You were on level 8 of the Dungeon.
You worshipped Nemelex Xobeh.
Nemelex Xobeh was aware of your devotion.
You visited 2 branches of the dungeon, and saw 9 of its levels.
You also visited: Sewer.

You collected 588 gold pieces.

Inventory:

Hand Weapons
 g - a +2 dagger of protection
 s - a +1 long sword of freezing (weapon)
Armour
 c - a cursed +0 buckler
Jewellery
 d - a ring of see invisible (left hand)
 j - an amulet of magic regeneration (around neck)
 r - a +6 ring of intelligence (right hand)
 B - an uncursed ring of willpower
Wands
 u - a wand of flame (27)
 v - a wand of paralysis (3)
 z - a wand of acid (11)
Scrolls
 a - 5 scrolls of teleportation
 b - 2 scrolls of fear
 f - 3 scrolls of fog
 i - a scroll of enchant weapon
 q - a scroll of magic mapping
 t - 4 scrolls of amnesia {unknown}
 w - a scroll of random uselessness {unknown}
 y - a scroll of remove curse
 A - a scroll of holy word {unknown}
Potions
 e - 3 potions of flight
 h - 4 potions of curing
 k - 4 potions of heal wounds
 l - 2 potions of brilliance
 m - 2 potions of mutation {unknown}
 n - a potion of invisibility {unknown}
 o - 2 potions of magic {unknown}
 p - a potion of might {unknown}
 x - a potion of attraction {unknown}
 C - a potion of haste


   Skills:
 + Level 2.6 Fighting
 * Level 4.6 Long Blades
 + Level 3.5 Dodging
 + Level 4.2 Stealth
 + Level 8.7 Spellcasting
 + Level 9.9 Conjurations


You had 20 spell levels left.
You knew the following spells:

 Your Spells              Type           Power        Failure   Level
a - Magic Dart            Conj           100%         1%          1
b - Searing Ray           Conj           100%         1%          2
c - Dazzling Flash        Conj/Hex       74%          1%          3

Your spell library contained the following spells:

 Spells                   Type           Power        Failure   Level
 Fulminant Prism          Conj/Hex       18%          7%          4
 Iskenderun's Mystic Bla  Conj/Tloc      37%          7%          4


Dungeon Overview and Level Annotations

Branches:
Dungeon (8/15)             Temple (1/1) D:5           Sewer (visited)
   Lair: D:8-11

Altars:
Cheibriados
Dithmenos
Elyvilon
Fedhas
Gozag
Hepliaklqana
Makhleb
Nemelex Xobeh
Okawaru
Qazlal
Ru
Sif Muna
Trog
Vehumet
Xom
Yredelemnul
Zin
The Shining One

Shops:
D:2 *   D:8 }

Annotations:
D:8 Grum


Innate Abilities, Weirdness & Mutations

You can breathe blasts of scalding, opaque steam.
Your pale cyan-grey scales are hard. (AC +7)
You cannot fit into any form of body armour.
You are cold-blooded and may be slowed by cold attacks.


Message History

You kill the orc!
The searing ray hits the wolf!
The wolf is heavily wounded.
The wolf howls! (Press . to maintain the ray.)
The searing ray misses the wolf.
The searing ray misses the wolf.
The wolf bites you! x2
The searing ray hits the wolf!
The wolf is almost dead.
You finish channeling your searing ray.
The wolf bites you!
Grum the Hunter comes into view.
He is wielding a -2 spear of venom.
The wolf misses you. The wolf bites you but does no damage. The wolf bites you!
* * * LOW HITPOINT WARNING * * *
The wolf bites you.
* * * LOW HITPOINT WARNING * * *
Grum hits you from afar with a -2 spear of venom!
You die...
Your body disappears without a glow.

#.. #)# #.# )[. #)#
#.#######g# .......#h##
. ##########....@.#...#
.................#
#...#..#...#....#
.#.#..###.....#....#
.......#..#..........#
#....#...........
#.####.#.......#...#..
#......#######.#....###
#####...# .###.....


You could see Grum and a wolf.

Vanquished Creatures
  A two-headed ogre (D:8)
  Psyche (D:8)
  Joseph (D:7)
  A troll (D:7)
  Grinder (D:3)
  Sigmund (D:5)
  The ghost of danmikkh the Sneak, an amateur SpEn of Dithmenos (D:4)
  Duvessa (D:7)
  An ice beast (D:6)
  3 sky beasts
  2 ogres
  2 wolves (D:8)
  2 centaurs (D:7)
  2 bullfrogs (D:6)
  A wyvern skeleton (D:7)
  3 scorpions
  Dowan (D:7)
  4 killer bees (D:8)
  4 wights (D:6)
  6 hounds
  5 orc wizards
  2 orc priests
  A centaur skeleton (D:4)
  Terence (D:1)
  3 iguanas
  6 worker ants
  9 adders
  3 river rats (Sewer)
  A shadow imp (D:6)
  2 ufetubi
  2 oozes
  An adder zombie (D:8)
  4 worms
  2 dart slugs
  6 leopard geckos
  31 orcs
  5 giant cockroaches
  4 hobgoblins
  17 jackals
  5 quokkas
  6 ball pythons
  4 bats
  10 frilled lizards
  2 gnoll zombies (D:4)
  18 goblins
  9 kobolds
  15 rats
213 creatures vanquished.

Vanquished Creatures (others)
  A ball python (D:3)
  A quokka (D:3)
  A fungus (D:8)
  A plant (D:8)
4 creatures vanquished.

Grand Total: 217 creatures vanquished

Notes
Turn   | Place    | Note
-------+----------+-------------------------------------------
     0 | D:1      | Almogavar the Draconian Conjurer began the quest for the
                  | Orb.
     0 | D:1      | Reached XP level 1. HP: 14/14 MP: 3/3
   255 | D:1      | Reached XP level 2. HP: 20/20 MP: 0/5
  1112 | D:2      | Found an opulent altar of Gozag.
  1112 | D:2      | Found Gozag's Platinum Reserve.
  1113 | D:2      | Noticed Terence
  1165 | D:1      | Killed Terence
  1166 | D:1      | Reached skill level 5 in Conjurations
  1166 | D:1      | Reached XP level 3. HP: 19/26 MP: 0/6
  1620 | D:2      | Reached XP level 4. HP: 33/33 MP: 1/7
  1697 | D:2      | Learned a level 2 spell: Searing Ray
  2017 | D:2      | Found a glowing golden altar of the Shining One.
  3170 | D:3      | Found a bloodstained altar of Trog.
  3190 | D:3      | Reached XP level 5. HP: 38/38 MP: 6/9
  3217 | D:3      | Found a white marble altar of Elyvilon.
  3436 | D:3      | Found a blossoming altar of Fedhas.
  3570 | D:3      | Noticed Grinder
  3571 | D:3      | Paralysed by Grinder for 7 turns
  3680 | D:3      | Killed Grinder
  3681 | D:3      | Reached skill level 6 in Conjurations
  3681 | D:3      | Reached XP level 6. HP: 26/46 MP: 4/11
  3832 | D:3      | Found a shadowy altar of Dithmenos.
  4095 | D:4      | Found a transporter.
  4095 | D:4      | Noticed danmikkh's ghost (amateur SpEn)
  4098 | D:4      | Found a transporter.
  4520 | D:4      | Found a stormy altar of Qazlal.
  4722 | D:4      | Your scales start taking on a pale cyan-grey colour.
  4722 | D:4      | Reached XP level 7. HP: 51/51 MP: 10/13
  4912 | D:4      | Found a shadowy altar of Dithmenos.
  4947 | D:4      | You fall into a shaft and drop 3 floors!
  4956 | D:7      | Reached skill level 1 in Fighting
  5257 | D:7      | Noticed Duvessa
  5257 | D:7      | Noticed Dowan
  5267 | D:7      | Killed Dowan
  5322 | D:7      | Reached skill level 7 in Conjurations
  5456 | D:6      | Reached skill level 5 in Spellcasting
  5689 | D:6      | Reached XP level 8. HP: 59/59 MP: 13/16
  6348 | D:5      | Entered Level 5 of the Dungeon
  6374 | D:5      | Found a glowing drain.
  6376 | D:5      | Noticed Sigmund
  6398 | D:5      | Killed Sigmund
  6399 | D:5      | Reached skill level 8 in Conjurations
  6558 | Sewer    | Entered a sewer
  7168 | D:5      | Found a staircase to the Ecumenical Temple.
  7177 | Temple   | Entered the Ecumenical Temple
  7285 | Temple   | Became a worshipper of Nemelex Xobeh the Trickster
  7635 | D:4      | Found a basalt altar of Yredelemnul.
  7938 | D:4      | Killed danmikkh's ghost
  8600 | D:5      | Reached XP level 9. HP: 64/64 MP: 14/19
  9038 | D:5      | Reached skill level 1 in Long Blades
  9038 | D:5      | Reached skill level 9 in Conjurations
  9104 | D:5      | Reached * piety under Nemelex Xobeh
  9426 | D:7      | Killed Duvessa
  9557 | D:7      | Noticed Joseph
  9571 | D:7      | Killed Joseph
 10161 | D:7      | Found a glowing silver altar of Zin.
 10216 | D:7      | Noticed a troll
 10222 | D:7      | Killed a troll
 10432 | D:8      | Received a gift from Nemelex Xobeh
 10458 | D:8      | Found Dyru's Gadget Shoppe.
 10464 | D:8      | Learned a level 3 spell: Dazzling Flash
 10515 | D:8      | Noticed Psyche
 10524 | D:8      | Killed Psyche
 10857 | D:8      | Noticed a two-headed ogre
 10869 | D:8      | Killed a two-headed ogre
 10870 | D:8      | Reached XP level 10. HP: 74/74 MP: 13/22
 11030 | D:8      | Noticed Grum
 11032 | D:8      | Slain by Grum

Illustrated notes

Levels and vault maps discovered:
D:1:      saegor_arrival_simple_d, layout_basic
D:2:      layout_basic, tso_metal_star, nicolae_gozag_zags_fifth_avenue,
          uniq_terence
D:3:      layout_basic, old_standard_altar, lightli_temple_of_fire,
          elyvilon_altar_4, nicolae_dithmenos_shadow_blocks, uniq_grinder
D:4:      layout_loops_corners, lemuel_zombie_altar_yredelemnul,
          grunt_qazlal_sundering, lemuel_crystal_altar, gammafunk_ghost_arena
D:5:      layout_loops_corners, minmay_temple_entry_gardened_gates,
          gup_sewer_entry_glass, minmay_ogre_servants, uniq_sigmund
D:6:      layout_loops_cross
D:7:      layout_loops_ring, lemuel_coloured_pillars_altar, minmay_fountain_box,
          grunt_ministairs_9, uniq_duvessa, uniq_joseph
D:8:      layout_loops_cross, dpeg_oklobed_lair, serial_shops, shop,
          supply_closet_lemuel, uniq_psyche, uniq_grum
Temple:   compressed_dpeg_triangle_lava_temple

Skill      XL: |  1  2  3  4  5  6  7  8  9 |
---------------+----------------------------+-----
Conjurations   | 5 6 7 8 9 |  9.9
Stealth        | 2 3 4 |  4.2
Dodging        | 2 3 |  3.5
Spellcasting   | 3 4 5 7 8 |  8.7
Fighting       | 1 2 |  2.6
Long Blades    | 4 |  4.6

Action                   |  1- 3 |  4- 6 |  7- 9 | 10-12 || total
-------------------------+-------+-------+-------+-------++-------
Melee: Unarmed           |    20 |       |       |       ||    20
       Tailslap          |     1 |     2 |     2 |       ||     5
       Dagger            |       |    19 |    32 |       ||    51
       Long sword        |       |       |    15 |       ||    15
 Cast: Magic Dart        |    71 |   110 |   118 |     8 ||   307
       Searing Ray       |       |    11 |    75 |     6 ||    92
  Use: Potion            |     1 |       |       |       ||     1
       Scroll            |       |     5 |     6 |       ||    11
Armor: Skin              |     6 |     6 |    26 |     1 ||    39
Dodge: Dodged            |    11 |    17 |    92 |     3 ||   123
       Rpst.: Long sword |       |       |    13 |     1 ||    14
